 Dungeon Crawl Stone Soup version 0.19-a0-386-gde47aeb (webtiles) character file.

340 Chemotherapy the Firebug (level 6, -1/41 HPs)
             Began as a Mummy Fire Elementalist on May 30, 2016.
             Was an Initiate of Vehumet.
             Slain by a worker ant (5 damage)
             ... on level 4 of the Dungeon.
             The game lasted 00:10:28 (4065 turns).

Chemotherapy the Firebug (Mummy Fire Elementalist)  Turns: 4065, Time: 00:10:29

Health: -1/41      AC:  2    Str: 11    XL:     6   Next: 30%
Magic:  1/9        EV: 14    Int: 17    God:    Vehumet [......]
Gold:   171        SH:  0    Dex: 12    Spells: 3 memorised, 1 level left

rFire  x . .     SeeInvis .     p - +0 lajatang (pain)
rCold  + . .     Gourm    .     a - +0 robe
rNeg   + + +     Faith    .     (shield currently unavailable)
rPois  ∞         Spirit   .     (no helmet)
rElec  .         Dismiss  .     (no cloak)
rCorr  .         Reflect  .     (no gloves)
SustAt .         Harm     .     (no boots)
MR     .....                    (no amulet)
Stlth  ++........               (no ring)
                                l - +2 ring of evasion

@: very slightly contaminated, not resistant to hostile enchantments, unstealthy
A: no food or potions, fire vulnerability, cold resistance 1, negative energy
resistance 3, torment resistance, unbreathing
a: Renounce Religion


You were on level 4 of the Dungeon.
You worshipped Vehumet.
Vehumet was noncommittal.
You were not hungry.

You visited 2 branches of the dungeon, and saw 5 of its levels.

You collected 171 gold pieces.

Inventory:

Hand Weapons
 j - a +0 whip
   (You found it on level 1 of the Dungeon)
 p - a +0 lajatang of pain (weapon)
   (You took it off a hobgoblin on level 3 of the Dungeon)
Armour
 a - a +0 robe (worn)
 d - a +2 shield
   (You found it on level 1 of the Dungeon)
Jewellery
 l - a +2 ring of evasion (left hand)
   (You found it on level 2 of the Dungeon)
 q - an uncursed ring of ice {rC+, rF-}
   (You found it on level 3 of the Dungeon)
Wands
 r - a wand of polymorph (13/24)
   (You found it on level 4 of the Dungeon)
Scrolls
 c - 3 scrolls of immolation {!r}
 e - 3 scrolls of amnesia
 f - a scroll of identify
 g - a scroll of teleportation
 h - a scroll of magic mapping {unknown}
 i - a scroll of random uselessness {unknown}
 k - 2 scrolls of remove curse
 m - a scroll of noise {unknown}
 n - a scroll of recharging {unknown}
 o - a scroll of fog {unknown}
Books
 b - a book of Flames


   Skills:
 + Level 1.6 Staves
 - Level 1.5 Dodging
 - Level 1.5 Stealth
 - Level 2.0 Spellcasting
 * Level 3.4 Conjurations
 * Level 4.2 Fire Magic


You had one spell level left.
You knew the following spells:

 Your Spells              Type           Power        Failure   Level  Hunger
a - Flame Tongue          Conj/Fire      ##...        4%          1    N/A
c - Conjure Flame         Conj/Fire      ##......     14%         3    N/A
s - Sticky Flame          Conj/Fire      ##......     45%         4    N/A

Dungeon Overview and Level Annotations

Branches:
Dungeon (4/15)             Temple (1/1) D:4

Altars:
Ashenzari
Hepliaklqana
Makhleb
Pakellas
Qazlal
Vehumet
Xom
The Shining One


Innate Abilities, Weirdness & Mutations

You do not eat or drink.
Your flesh is vulnerable to fire.
You are immune to poison.
Your flesh is cold resistant. (rC+)
You are immune to negative energy. (rN+++)
You are immune to unholy pain and torment.
You can survive without breathing.


Message History

You start resting.
You hear a distant slurping noise.
Health restored: 41; MP restored: 9 This spell is quite dangerous to cast!
Memorise Sticky Flame, consuming 4 spell levels and leaving 1?
You start memorising the spell.
You continue memorising. x4
You finish memorising.
Spell assigned to 's'.
A giant cockroach comes into view.
You can't see any susceptible monsters within range! (Use Z to cast anyway.) Unknown command.
Aim: a giant cockroach The flame tongue hits the giant cockroach.
The giant cockroach appears unharmed.
You now have 8/9 mp.
You slash the giant cockroach!
You kill the giant cockroach!
Vehumet accepts your kill.
k - 2 scrolls of remove curse (gained 1)
Things that are here:
a mace; a chain mail You see here a meat ration {@e2}.
You now have 171 gold pieces (gained 11).
Found a stone staircase leading down.
MP restored: 9 The jelly quivers.
Aim: a jelly The flame tongue hits the jelly.
You now have 8/9 mp.
Aim: a jelly (lightly wounded)
The flame tongue hits the jelly.
You now have 7/9 mp.
Aim: a jelly (heavily wounded)
The flame tongue hits the jelly.
The jelly barely misses you.
You now have 6/9 mp.
Aim: a jelly (severely wounded)
The flame tongue hits the jelly.
The jelly barely misses you.
You now have 5/9 mp.
Aim: a jelly (almost dead)
The flame tongue hits the jelly.
The jelly hits you.
You are splashed with acid!
The acid corrodes you!
The acid burns!
You take 10 damage, and have 31/41 hp.
MASSIVE DAMAGE!!
You now have 4/9 mp.
Aim: a jelly (almost dead)
The flame tongue hits the jelly.
You kill the jelly!
Vehumet accepts your kill.
You now have 3/9 mp.
You start resting.
You are no longer corroded.
You regained 2 mp, and now have 5/9 mp.
You start resting.
Health restored: 41; MP restored: 9 The worker ant twitches its antennae in your direction.
The worker ant is too close now for your liking.
Aim: a worker ant The flame tongue misses the worker ant.
The worker ant bites you but does no damage.
You now have 8/9 mp.
Aim: a worker ant The flame tongue misses the worker ant.
The worker ant closely misses you. x2
You now have 7/9 mp.
Aim: a worker ant The flame tongue misses the worker ant.
The worker ant bites you.
You take 3 damage, and have 38/41 hp.
You now have 6/9 mp.
Aim: a worker ant You miscast Sticky Flame.
You are very lightly contaminated with residual magic.
Flames sear your flesh.
The worker ant bites you but does no damage.
You take 10 damage, and have 28/41 hp.
MASSIVE DAMAGE!!
You now have 2/9 mp.
Aim: a worker ant The flame tongue hits the worker ant.
The worker ant closely misses you.
You now have 1/9 mp.
Aim: a worker ant (lightly wounded)
The flame tongue hits the worker ant.
The worker ant appears unharmed.
The worker ant waves its antennae.
The worker ant bites you!
You take 8 damage, and have 20/41 hp.
You now have 0/9 mp.
You hit the worker ant. The worker ant bites you.
The worker ant bites you but does no damage.
You take 3 damage, and have 17/41 hp.
You barely miss the worker ant. The worker ant bites you.
* * * LOW HITPOINT WARNING * * *
The worker ant bites you.
* * * LOW HITPOINT WARNING * * *
You take 9 damage, and have 8/41 hp.
MASSIVE DAMAGE!!
The worker ant bites you.
* * * LOW HITPOINT WARNING * * *
You take 6 damage, and have 3/41 hp.
Aim: a worker ant (heavily wounded)
The flame tongue hits the worker ant.
The worker ant misses you.
You now have 0/9 mp.
You barely miss the worker ant.
The worker ant bites you but does no damage.
The worker ant bites you.
You die...

#............. .
######.....####.###
. #................
#.###...........
##......###.. .
#......... . .
#..#..#.#.. .
#..#..#.#.. #
#.@#..# # #.a#..#
#..# .# #..# .. #..#
.# #.##..##%#..###
a.
#.....##.#......+.J.
#..##....$..# #.#.>.
#.. #.....?.#
......#


You could see a worker ant.

Vanquished Creatures
  An ogre (D:4)
  A scorpion (D:4)
  2 jellies (D:4)
  A hound (D:4)
  2 adders (D:4)
  An ooze (D:3)
  3 worms
  2 giant geckos
  2 orcs (D:4)
  5 bats
  5 giant cockroaches
  4 goblins
  7 hobgoblins
  4 jackals (D:2)
  2 kobolds (D:3)
  2 quokkas (D:3)
  A ball python skeleton (D:4)
  3 giant newts
  4 rats
52 creatures vanquished.

Notes
Turn   | Place    | Note
--------------------------------------------------------------
     0 | D:1      | Chemotherapy the Mummy Fire Elementalist began the quest for the Orb.
     0 | D:1      | Reached XP level 1. HP: 13/13 MP: 3/3
     1 | D:1      | Noticed an electric eel
    88 | D:1      | Reached skill level 1 in Conjurations
   290 | D:1      | Reached XP level 2. HP: 19/19 MP: 3/5
   984 | D:2      | Found a stormy altar of Qazlal.
  1284 | D:2      | Reached XP level 3. HP: 18/24 MP: 2/6
  1289 | D:2      | Learned a level 3 spell: Conjure Flame
  1614 | D:3      | Reached skill level 3 in Fire Magic
  1705 | D:3      | Reached skill level 2 in Conjurations
  2911 | D:4      | Found a shattered altar of Ashenzari.
  2977 | D:4      | Reached XP level 4. HP: 30/30 MP: 4/7
  3061 | D:4      | Noticed an ogre
  3079 | D:4      | Killed an ogre
  3079 | D:4      | Reached skill level 1 in Staves
  3079 | D:4      | Reached XP level 5. HP: 30/35 MP: 1/8
  3174 | D:4      | Found a staircase to the Ecumenical Temple.
  3179 | Temple   | Entered the Ecumenical Temple
  3191 | Temple   | Became a worshipper of Vehumet
  3334 | D:4      | Reached skill level 3 in Conjurations
  3351 | D:4      | Reached skill level 4 in Fire Magic
  3601 | D:4      | HP: 4/35 [acid (9)]
  3603 | D:4      | Reached XP level 6. HP: 5/41 MP: 2/9
  3607 | D:4      | HP: 2/41 [ball python skeleton (1)]
  3917 | D:4      | Learned a level 4 spell: Sticky Flame
  4055 | D:4      | HP: 8/41 [worker ant (3)]
  4061 | D:4      | HP: 3/41 [worker ant (6)]
  4065 | D:4      | Slain by a worker ant

Vault maps used:
D:1:      arrival_aquarium_a
D:2:      nicolae_overflow_hidden_temple, serial_bayou_lagoon_b
D:3:      first_bread
D:4:      minmay_temple_entry_statues_pillars, cheibrodos_ashenzari_chains
Temple:   circular_temple_12

Skill      XL: |  1  2  3  4  5 |
---------------+----------------+-----
Conjurations   | 1 2 3 |  3.4
Fire Magic     | 3 4 |  4.2
Staves         | 1 |  1.6
Dodging        | |  1.5
Stealth        | |  1.5
Spellcasting   | |  2.0

Action                   |  1- 3 |  4- 6 || total
-------------------------+-------+-------++-------
Melee: Unarmed           |     3 |       ||     3
       Whip              |     7 |       ||     7
       Lajatang          |    17 |    25 ||    42
 Cast: Flame Tongue      |    67 |    41 ||   108
       Conjure Flame     |       |     2 ||     2
  Use: Scroll            |     5 |       ||     5
 Stab: Sleeping          |     1 |       ||     1
Armor: Robe              |    24 |     6 ||    30
Dodge: Dodged            |    66 |    24 ||    90

Vault maps used:
D:1:      arrival_aquarium_a
D:2:      nicolae_overflow_hidden_temple, serial_bayou_lagoon_b
D:3:      first_bread
D:4:      minmay_temple_entry_statues_pillars, cheibrodos_ashenzari_chains
Temple:   circular_temple_12

Table legend:
 A = Turns spent in this place as a percentage of turns spent in the entire game.
 B = Non-inter-level travel turns spent in this place as a percentage of non-inter-level travel turns spent in the entire game.
 C = Inter-level travel turns spent in this place as a percentage of turns spent in this place.
 D = Turns resting spent in this place as a percentage of non-inter-level travel turns spent in this place.
 E = Turns spent auto-exploring this place as a percentage of non-inter-level travel turns spent in this place.
 F = Non-inter-level travel turns spent in this place divided by the number of levels of this place that you've seen.
                   A       B       C       D       E      F
               +-------+-------+-------+-------+-------+----------------------
         Total | 100.0 | 100.0 |   0.6 |   7.7 |  11.9 | 133.0
       Dungeon |  98.1 |  98.2 |   0.5 |   7.8 |  12.1 | 163.2
        Temple |   1.9 |   1.8 |   7.7 |   0.0 |   0.0 |  12.0
               +-------+-------+-------+-------+-------+----------------------

Table legend:
 A = Kills in this place as a percentage of kills in entire the game.
 B = Kills by you in this place as a percentage of kills by you in the entire game.
 C = Kills by friends in this place as a percentage of kills by friends in the entire game.
 D = Other kills in this place as a percentage of other kills in the entire game.
 E = Experience gained in this place as a percentage of experience gained in the entire game.
 F = Experience gained in this place divided by the number of levels of this place that you have seen.
                   A       B       C       D       E      F
               +-------+-------+-------+-------+-------+----------------------
         Total | 100.0 | 100.0 |  -nan |  -nan | 100.0 |  97.2
       Dungeon | 100.0 | 100.0 |  -nan |  -nan | 100.0 | 121.5
               +-------+-------+-------+-------+-------+----------------------
